Mustangs vs Punishers

Created - March 27, 2018 at 19:00

Goals
1 2 3 T
Mustangs 4 2 2 8
Punishers 2 1 1 4
Shots
1 2 3 T
Mustangs 10 12 5 27
Punishers 14 16 10 40

1st period

1. Punishers , David Laliberté 33 (Casey Cizikas 35, Robbie Earl 48) at 1:10 (PP)
2. Mustangs , Francis Paré 7 (Rick Schofield 16, Brady Skjei 48) at 4:10
3. Mustangs , Mark Pysyk 4 (Jerome Samson 13, Jim O'Brien 32) at 5:31
4. Punishers , Casey Cizikas 18 (David Laliberté 36) at 8:41
5. Mustangs , Riley Sheahan 32 (Joe Finley 1) at 9:59
6. Mustangs , Tomas Tatar 26 (Andrew Shaw 25) at 11:02

Penalties :
Andrew Shaw (Ham) for Roughing (Minor) at 0:42, Marcus Foligno (Ham) for Holding (Minor) at 17:18

2nd period

7. Mustangs , Riley Sheahan 33 (Brady Skjei 49) at 5:28 (PP)
8. Mustangs , Joshua Leivo 10 (Jim O'Brien 33, Jerome Samson 14) at 15:06
9. Punishers , David Laliberté 34 (Jordan Schmaltz 11, Casey Cizikas 36) at 17:53

Penalties :
Josh Jooris (Ham) for Hooking (Minor) at 1:07, Robbie Earl (Pro) for Interference (Minor) at 5:24, Marcus Foligno (Ham) for Hooking (Minor) at 9:06

3rd period

10. Mustangs , Riley Sheahan 34 (Joe Finley 2) at 4:30
11. Punishers , Tanner Glass 34 (David Rundblad 41, Adam McQuaid 15) at 5:35
12. Mustangs , Cameron Gaunce 3 (Tomas Tatar 21) at 12:46

Penalties :
Scott Mayfield (Ham) for Holding (Minor) at 5:14, Robbie Earl (Pro) for Tripping (Minor) at 5:21, David Laliberté (Pro) for Fighting (Major) at 12:47, Riley Sheahan (Ham) for Fighting (Major) at 12:47, Brady Skjei (Ham) for Hooking (Minor) at 13:32, Andrew Shaw (Ham) for Interference (Minor) at 19:33

Goalie Stats

Chet Pickard (Ham), 36 saves from 40 shots - (0.900), W, 12-3-5, 60:00 minutes
Louis Domingue (Pro), 3 saves from 7 shots - (0.429), 11:02 minutes
Niklas Svedberg (Pro), 16 saves from 20 shots - (0.800), L, 26-25-9, 48:58 minutes

Players Stats for Mustangs

Player Name              G  A  P  +/- PIM S  H  SB GA TA FO     MP     PP MP  PK MP  
------------------------------------------------------------------------------------
Andrew Shaw              0  1  1   1  4   0  3  0  1  1  0/1    14:48   0:06   0:00 
Brady Skjei              0  2  2   1  2   6  3  2  0  2  0/0    28:46   0:04   3:52 
Cameron Gaunce           1  0  1   2  0   1  3  3  0  2  0/0    26:28   0:07   5:00 
Curtis Hamilton          0  0  0   1  0   0  1  0  0  0  0/0     9:26   0:00   0:18 
Denis Bodrov             0  0  0   1  0   0  1  1  0  0  0/0     3:59   0:00   0:28 
Francis Paré             1  0  1   1  0   3  1  0  0  0  0/0     9:06   0:00   0:00 
Jerome Samson            0  2  2   2  0   1  1  0  0  0  0/0    10:46   0:00   0:00 
Jim O'Brien              0  2  2   2  0   2  1  0  1  1  3/6    13:09   0:01   1:43 
Joe Finley               0  2  2   0  0   0  1  0  0  1  0/0    15:11   0:07   0:47 
Josh Jooris              0  0  0   1  2   1  1  1  0  0  0/2    15:39   0:04   0:00 
Joshua Leivo             1  0  1   2  0   1  0  0  0  0  0/0    12:23   0:00   1:40 
Marcus Foligno           0  0  0   0  4   0  2  1  2  1  3/4    20:09   0:04   3:02 
Mark Pysyk               1  0  1   2  0   2  0  2  0  0  0/0    20:30   0:04   3:57 
Mika Zibanejad           0  0  0   1  0   1  2  1  2  0  1/9    18:04   0:07   2:46 
Rick Schofield           0  1  1   1  0   1  1  0  1  0  0/2     9:32   0:00   0:17 
Riley Sheahan            3  0  3   0  5   5  3  1  1  0  16/43  20:41   0:04   4:11 
Scott Mayfield           0  0  0   2  2   0  4  2  0  1  0/0    21:44   0:01   3:50 
Tomas Tatar              1  1  2   1  0   3  0  2  0  0  0/0    18:42   0:06   3:57 

Players Stats for Punishers

Player Name              G  A  P  +/- PIM S  H  SB GA TA FO     MP     PP MP  PK MP  
------------------------------------------------------------------------------------
Adam McQuaid             0  1  1  -3  0   3  3  1  1  2  0/0    29:53   5:14   0:04 
Carter Ashton            0  0  0   1  0   0  0  0  0  0  2/3     2:49   0:51   0:00 
Casey Cizikas            1  2  3  -1  0   3  3  0  0  0  33/48  22:24   5:18   0:07 
David Laliberté          2  1  3  -1  5   5  1  0  0  1  0/0    20:00   4:11   0:00 
David Rundblad           0  1  1  -3  0   2  8  0  3  1  0/0    33:02   5:14   0:04 
Erik Nystrom             0  0  0  -3  0   1  1  0  0  0  0/1     8:09   0:00   0:00 
Garret Ross              0  0  0   0  0   2  1  0  0  0  0/0    11:12   0:21   0:07 
Jordan Schmaltz          0  1  1   1  0   2  1  0  0  2  0/0    20:06   3:43   0:07 
Luke Adam                0  0  0  -1  0   6  2  0  0  0  1/2    16:44   3:15   0:00 
Mark Jankowski           0  0  0   0  0   0  0  0  0  0  0/0     1:02   0:25   0:00 
Mark McNeill             0  0  0  -3  0   1  2  2  0  0  0/0     8:09   0:00   0:00 
Mattias Tedenby          0  0  0  -1  0   1  2  0  1  0  1/1    16:44   3:15   0:00 
Miikka Salomaki          0  0  0   0  0   0  3  0  1  0  0/1    11:26   0:21   0:04 
Nick Schultz             0  0  0   0  0   0  0  0  0  0  0/0     2:02   0:00   0:00 
Oscar Sundqvist          0  0  0   0  0   1  3  0  0  0  2/4    10:35   0:00   0:00 
Radek Faksa              0  0  0  -3  0   0  2  0  0  1  2/3     8:30   0:21   0:00 
Robbie Earl              0  1  1  -1  4   5  1  1  1  0  3/4    22:03   5:17   0:00 
Stefan Elliott           0  0  0  -1  0   4  4  1  1  1  0/0    22:57   3:43   0:07 
Tanner Glass             1  0  1   0  0   4  2  1  1  0  0/0    18:07   3:15   0:04 
Trevor Van Riemsdyk      0  0  0  -2  0   0  0  0  0  0  0/0    12:00   0:00   0:00 

3 Stars

1 - Riley Sheahan (Ham)
2 - Cameron Gaunce (Ham)
3 - Tomas Tatar (Ham)

Power Play

Mustangs - 1 on 2 Attempt(s) - 50.00%
Punishers - 1 on 7 Attempt(s) - 14.29%

Penalty Kill

Mustangs - 6 on 7 Attempt(s) - 85.71% - Score 0 goal in Penalty Kill
Punishers - 1 on 2 Attempt(s) - 50.00% - Score 0 goal in Penalty Kill

Team Stat

Mustangs - Hits : 28 - Faceoff Wins : 23 - Blocked Shots : 16 - Penalty Minutes : 19
Punishers - Hits : 39 - Faceoff Wins : 44 - Blocked Shots : 6 - Penalty Minutes : 9

Official

Referees : Auger Stephane and StLaurent Francois
Linesman : Tony Sericolo and Bryan Pancich

Game Notes

Denis Bodrov is injured at 10:31 of 1st period (Right Leg)
Niklas Svedberg enters game at 11:02 of 1st period
Riley Sheahan has scored a Hat Trick!
David Laliberté and Riley Sheahan fight to a draw at 12:47 of 3rd period

Finance

Level 1 -- Attendance: 1585 (79.25%) -- Ticket Income $63,400
Level 2 -- Attendance: 753 (75.30%) -- Ticket Income $15,060
Total Attendance: 2338 (77.93%)
Total Ticket Income: $78,460
Other Income: $3,923
Total Income: $82,383

Mustangs

5 vs 5 Forward 
   Center                   Left Wing                Right Wing               Time % Phy DF OF 
 1 Riley Sheahan            Marcus Foligno           Josh Jooris              40     1   2  2  
 2 Mika Zibanejad           Tomas Tatar              Andrew Shaw              30     1   2  2  
 3 Jim O'Brien              Joshua Leivo             Jerome Samson            20     1   2  2  
 4 Rick Schofield           Curtis Hamilton          Francis Paré             10     1   2  2  

5 vs 5 Defense 
   Defense                  Defense                                           Time % Phy DF OF 
 1 Cameron Gaunce           Brady Skjei                                       44     1   2  2  
 2 Denis Bodrov             Mark Pysyk                                        33     1   2  2  
 3 Joe Finley               Scott Mayfield                                    23     1   2  2  
 4 Cameron Gaunce           Brady Skjei                                       0      1   2  2  

PowerPlay Forward 
   Center                   Left Wing                Right Wing               Time % Phy DF OF 
 1 Riley Sheahan            Marcus Foligno           Josh Jooris              60     1   2  2  
 2 Mika Zibanejad           Tomas Tatar              Andrew Shaw              40     1   2  2  

PowerPlay Defense
   Defense                  Defense                                           Time % Phy DF OF 
 1 Cameron Gaunce           Brady Skjei                                       60     1   2  2  
 2 Denis Bodrov             Mark Pysyk                                        40     1   2  2  

Penalty Kill 4 Players Forward 
   Center                   Wing                     Time % Phy DF OF 
 1 Riley Sheahan            Marcus Foligno           60     1   2  2  
 2 Jim O'Brien              Tomas Tatar              40     1   2  2  

Penalty Kill 4 Players Defense
   Defense                  Defense                  Time % Phy DF OF 
 1 Cameron Gaunce           Brady Skjei              60     1   2  2  
 2 Denis Bodrov             Mark Pysyk               40     1   2  2  

Penalty Kill - 3 Players Forward 
   Forward                                           Time % Phy DF OF 
 1 Riley Sheahan                                     60     1   2  2  
 2 Jim O'Brien                                       40     1   2  2  

Penalty Kill - 3 Players Defense
   Defense                  Defense                  Time % Phy DF OF 
 1 Cameron Gaunce           Brady Skjei              60     1   2  2  
 2 Denis Bodrov             Mark Pysyk               40     1   2  2  

4 vs 4 Forward 
   Center                   Wing                     Time % Phy DF OF 
 1 Riley Sheahan            Marcus Foligno           60     1   2  2  
 2 Mika Zibanejad           Tomas Tatar              40     1   2  2  

4 vs 4 Defense
   Defense                  Defense                  Time % Phy DF OF 
 1 Cameron Gaunce           Brady Skjei              60     1   2  2  
 2 Denis Bodrov             Mark Pysyk               40     1   2  2  

Last Minutes Offensive
   Center                   Left Wing                Right Wing               Defense                  Defense                  
   Riley Sheahan            Marcus Foligno           Josh Jooris              Cameron Gaunce           Brady Skjei              

Last Minutes Defensive
   Center                   Left Wing                Right Wing               Defense                  Defense                  
   Riley Sheahan            Marcus Foligno           Josh Jooris              Cameron Gaunce           Brady Skjei              

Goaltenders
Starting : Chet Pickard             
Backup : Peter Mannino            

Extra Forwards
Normal : Riley Sheahan, Mika Zibanejad, Jim O'Brien - PP : Mika Zibanejad, Riley Sheahan - PK : Marcus Foligno
Extra Defensemen
Normal : Brady Skjei, Mark Pysyk, Cameron Gaunce - PP : Brady Skjei - PK : Denis Bodrov, Cameron Gaunce
Penalty Shots
Rick Schofield, Mika Zibanejad, Andrew Shaw, Marcus Foligno, Josh Jooris

Scratches
Roman Horak (Healthy), Andreas Athanasiou (Healthy), Alexei Marchenko (Left Leg Injury), Dominik Uher (Healthy), Eric Knodel (Healthy)
Matthew Finn (Healthy), Danny Biega (Healthy), Raphael Bussieres (Healthy), Sam Kurker (Healthy), Max Gortz (Healthy)
Riley Nash (Healthy), Justin Peters (Healthy), Joacim Eriksson (Healthy)

Punishers

5 vs 5 Forward 
   Center                   Left Wing                Right Wing               Time % Phy DF OF 
 1 Casey Cizikas            Robbie Earl              David Laliberté          40     1   2  2  
 2 Luke Adam                Tanner Glass             Mattias Tedenby          30     1   2  2  
 3 Oscar Sundqvist          Garret Ross              Miikka Salomaki          20     1   2  2  
 4 Radek Faksa              Erik Nystrom             Mark McNeill             10     1   2  2  

5 vs 5 Defense 
   Defense                  Defense                                           Time % Phy DF OF 
 1 David Rundblad           Adam McQuaid                                      40     1   2  2  
 2 Stefan Elliott           Jordan Schmaltz                                   30     1   2  2  
 3 Trevor Van Riemsdyk      David Rundblad                                    20     1   2  2  
 4 Adam McQuaid             Stefan Elliott                                    10     1   2  2  

PowerPlay Forward 
   Center                   Left Wing                Right Wing               Time % Phy DF OF 
 1 Casey Cizikas            Robbie Earl              David Laliberté          60     1   2  2  
 2 Luke Adam                Tanner Glass             Mattias Tedenby          40     1   2  2  

PowerPlay Defense
   Defense                  Defense                                           Time % Phy DF OF 
 1 David Rundblad           Adam McQuaid                                      60     1   2  2  
 2 Stefan Elliott           Jordan Schmaltz                                   40     1   2  2  

Penalty Kill 4 Players Forward 
   Center                   Wing                     Time % Phy DF OF 
 1 Robbie Earl              Tanner Glass             60     1   2  2  
 2 David Laliberté          Mattias Tedenby          40     1   2  2  

Penalty Kill 4 Players Defense
   Defense                  Defense                  Time % Phy DF OF 
 1 David Rundblad           Adam McQuaid             60     1   2  2  
 2 Stefan Elliott           Jordan Schmaltz          40     1   2  2  

Penalty Kill - 3 Players Forward 
   Forward                                           Time % Phy DF OF 
 1 Robbie Earl                                       60     1   2  2  
 2 Tanner Glass                                      40     1   2  2  

Penalty Kill - 3 Players Defense
   Defense                  Defense                  Time % Phy DF OF 
 1 David Rundblad           Adam McQuaid             60     1   2  2  
 2 Stefan Elliott           Jordan Schmaltz          40     1   2  2  

4 vs 4 Forward 
   Center                   Wing                     Time % Phy DF OF 
 1 Robbie Earl              Tanner Glass             60     1   2  2  
 2 David Laliberté          Mattias Tedenby          40     1   2  2  

4 vs 4 Defense
   Defense                  Defense                  Time % Phy DF OF 
 1 David Rundblad           Adam McQuaid             60     1   2  2  
 2 Stefan Elliott           Jordan Schmaltz          40     1   2  2  

Last Minutes Offensive
   Center                   Left Wing                Right Wing               Defense                  Defense                  
   Casey Cizikas            Robbie Earl              David Laliberté          David Rundblad           Adam McQuaid             

Last Minutes Defensive
   Center                   Left Wing                Right Wing               Defense                  Defense                  
   Casey Cizikas            Robbie Earl              David Laliberté          David Rundblad           Adam McQuaid             

Goaltenders
Starting : Louis Domingue           
Backup : Niklas Svedberg          

Extra Forwards
Normal : Carter Ashton, Mark Jankowski, Miikka Salomaki - PP : Carter Ashton, Mark Jankowski - PK : Miikka Salomaki
Extra Defensemen
Normal : Trevor Van Riemsdyk, Jordan Schmaltz, David Rundblad - PP : Trevor Van Riemsdyk - PK : Jordan Schmaltz, David Rundblad
Penalty Shots
Robbie Earl, Tanner Glass, David Laliberté, Mattias Tedenby, Casey Cizikas

Scratches
Dan Bertram (Healthy), Damon Severson (Suspend), Dylan DeMelo (Healthy), Colton Gillies (Healthy), Patrick Wiercioch (Torn Left Knee Ligaments Injury)

% Time on Ice - Mustangs

Lines # - Real PCT - Wanted PCT - Time Play
Normal Forward
1 - 31% - 40% - 15:24
2 - 28% - 30% - 13:50
3 - 22% - 20% - 10:40
4 - 19% - 10% - 9:06
Normal Defense
1 - 33% - 44% - 16:12
2 - 43% - 33% - 21:12
3 - 24% - 23% - 11:36
4 - 0% - 0% - 0:00
PP Forward
1 - 45% - 60% - 0:05
2 - 55% - 40% - 0:06
PP Defense
1 - 0% - 60% - 0:00
2 - 100% - 40% - 0:11
PK Forward
1 - 89% - 60% - 7:56
2 - 11% - 40% - 1:01
PK Defense
1 - 56% - 60% - 5:00
2 - 44% - 40% - 3:57
PK3 Forward
1 - 0% - 60%
2 - 0% - 40%
PK3 Defense
1 - 0% - 60%
2 - 0% - 40%
44 Forward
1 - 80% - 60% - 1:30
2 - 20% - 40% - 0:22
44 Defense
1 - 54% - 60% - 1:00
2 - 46% - 40% - 0:52
Last Minute Offensive  - 0:00
Last Minute Defensive  - 0:00
Total
Forward - 60:00
Defense - 60:00

% Time on Ice - Punishers

Lines # - Real PCT - Wanted PCT - Time Play
Normal Forward
1 - 34% - 40% - 16:47
2 - 28% - 30% - 13:29
3 - 22% - 20% - 10:35
4 - 17% - 10% - 8:09
Normal Defense
1 - 37% - 40% - 18:20
2 - 32% - 30% - 15:30
3 - 24% - 20% - 11:38
4 - 7% - 10% - 3:32
PP Forward
1 - 64% - 60% - 5:42
2 - 36% - 40% - 3:15
PP Defense
1 - 58% - 60% - 5:14
2 - 42% - 40% - 3:43
PK Forward
1 - 100% - 60% - 0:11
2 - 0% - 40% - 0:00
PK Defense
1 - 36% - 60% - 0:04
2 - 64% - 40% - 0:07
PK3 Forward
1 - 0% - 60%
2 - 0% - 40%
PK3 Defense
1 - 0% - 60%
2 - 0% - 40%
44 Forward
1 - 100% - 60% - 1:52
2 - 0% - 40% - 0:00
44 Defense
1 - 59% - 60% - 1:06
2 - 41% - 40% - 0:46
Last Minute Offensive  - 0:00
Last Minute Defensive  - 0:00
Total
Forward - 60:00
Defense - 60:00

Play by Play

1st period


0:01 of 1st period - Robbie Earl wins face-off versus Riley Sheahan in neutral zone.
0:06 of 1st period - Snap shot by Robbie Earl.
0:06 of 1st period - Shot Misses the Net.
0:42 of 1st period - Minor Penalty to Andrew Shaw for Roughing.
0:43 of 1st period - Casey Cizikas wins face-off versus Riley Sheahan in Mustangs zone.
0:52 of 1st period - Snap shot by Robbie Earl.
0:52 of 1st period - Stopped by Chet Pickard without a rebound.
0:53 of 1st period - Casey Cizikas wins face-off versus Marcus Foligno in Mustangs zone.
1:08 of 1st period - Snap shot by Casey Cizikas.
1:08 of 1st period - Shot Blocked by Mark Pysyk.
1:10 of 1st period - Wrist shot by David Laliberté.
1:10 of 1st period - Goal by David Laliberté - Mustangs : 0 - Punishers : 1.
1:11 of 1st period - Oscar Sundqvist wins face-off versus Jim O'Brien in neutral zone.
2:01 of 1st period - Trevor Van Riemsdyk is hit by Scott Mayfield.
2:47 of 1st period - Off-side.
2:48 of 1st period - Casey Cizikas wins face-off versus Riley Sheahan in neutral zone.
2:51 of 1st period - Snap shot by Casey Cizikas.
2:51 of 1st period - Shot Misses the Net.
3:19 of 1st period - Snap shot by Tomas Tatar.
3:19 of 1st period - Stopped by Louis Domingue with a rebound.
3:21 of 1st period - Wrist shot by Mika Zibanejad.
3:21 of 1st period - Shot Blocked by Tanner Glass.
3:56 of 1st period - Off-side.
3:57 of 1st period - Radek Faksa wins face-off versus Rick Schofield in neutral zone.
4:10 of 1st period - Snap shot by Francis Paré.
4:10 of 1st period - Goal by Francis Paré - Mustangs : 1 - Punishers : 1.
4:11 of 1st period - Riley Sheahan wins face-off versus Casey Cizikas in neutral zone.
4:30 of 1st period - Casey Cizikas is hit by Riley Sheahan and loses puck.
5:03 of 1st period - Miikka Salomaki is hit by Curtis Hamilton and loses puck.
5:25 of 1st period - Off-side.
5:26 of 1st period - Jim O'Brien wins face-off versus Radek Faksa in neutral zone.
5:29 of 1st period - Backhand shot by Jerome Samson.
5:29 of 1st period - Shot Misses the Net.
5:31 of 1st period - Slapshot by Mark Pysyk.
5:31 of 1st period - Goal by Mark Pysyk - Mustangs : 2 - Punishers : 1.
5:32 of 1st period - Riley Sheahan wins face-off versus Casey Cizikas in neutral zone.
5:59 of 1st period - Mattias Tedenby is hit by Denis Bodrov and loses puck.
6:24 of 1st period - Stefan Elliott is hit by Jerome Samson and loses puck.
6:44 of 1st period - Casey Cizikas is hit by Josh Jooris and loses puck.
6:51 of 1st period - Josh Jooris is hit by Robbie Earl and loses puck.
7:04 of 1st period - Slapshot by Cameron Gaunce.
7:04 of 1st period - Shot Misses the Net.
7:06 of 1st period - Slapshot by Rick Schofield.
7:06 of 1st period - Shot Misses the Net.
7:08 of 1st period - Slapshot by Francis Paré.
7:08 of 1st period - Shot Misses the Net.
7:10 of 1st period - Backhand shot by Brady Skjei.
7:10 of 1st period - Stopped by Louis Domingue with a rebound.
7:12 of 1st period - Snap shot by Rick Schofield.
7:12 of 1st period - Stopped by Louis Domingue with a rebound.
7:26 of 1st period - Wrist shot by Luke Adam.
7:26 of 1st period - Stopped by Chet Pickard with a rebound.
7:28 of 1st period - Slapshot by Stefan Elliott.
7:28 of 1st period - Shot Misses the Net.
7:30 of 1st period - Snap shot by Jordan Schmaltz.
7:30 of 1st period - Shot Misses the Net.
7:32 of 1st period - Slapshot by Jordan Schmaltz.
7:32 of 1st period - Shot Blocked by Denis Bodrov.
7:48 of 1st period - Robbie Earl is hit by Marcus Foligno and loses puck.
7:55 of 1st period - Josh Jooris is hit by Adam McQuaid and loses puck.
8:37 of 1st period - Snap shot by Mattias Tedenby.
8:37 of 1st period - Stopped by Chet Pickard without a rebound.
8:38 of 1st period - Casey Cizikas wins face-off versus Riley Sheahan in Mustangs zone.
8:39 of 1st period - Wrist shot by David Laliberté.
8:39 of 1st period - Stopped by Chet Pickard with a rebound.
8:41 of 1st period - Wrist shot by Casey Cizikas.
8:41 of 1st period - Goal by Casey Cizikas - Mustangs : 2 - Punishers : 2.
8:42 of 1st period - Casey Cizikas wins face-off versus Riley Sheahan in neutral zone.
8:47 of 1st period - Snap shot by David Laliberté.
8:47 of 1st period - Shot Misses the Net.
8:49 of 1st period - Slapshot by Stefan Elliott.
8:49 of 1st period - Stopped by Chet Pickard without a rebound.
8:50 of 1st period - Marcus Foligno wins face-off versus Casey Cizikas in Mustangs zone.
9:45 of 1st period - Slapshot by Jim O'Brien.
9:45 of 1st period - Shot Misses the Net.
9:47 of 1st period - Slapshot by Cameron Gaunce.
9:47 of 1st period - Deflect By Jim O'Brien.
9:47 of 1st period - Shot Blocked by Mark McNeill.
9:47 of 1st period - Puck is out of play.
9:48 of 1st period - Riley Sheahan wins face-off versus Casey Cizikas in Punishers zone.
9:59 of 1st period - Wrist shot by Riley Sheahan.
9:59 of 1st period - Goal by Riley Sheahan - Mustangs : 3 - Punishers : 2.
10:00 of 1st period - Casey Cizikas wins face-off versus Riley Sheahan in neutral zone.
10:30 of 1st period - Denis Bodrov is hit by Jordan Schmaltz and loses puck.
10:31 of 1st period - Denis Bodrov from Mustangs is injured at 10:31 of 1st period (Right Leg).
10:32 of 1st period - Riley Sheahan wins face-off versus Casey Cizikas in Mustangs zone.
11:02 of 1st period - Snap shot by Tomas Tatar.
11:02 of 1st period - Goal by Tomas Tatar - Mustangs : 4 - Punishers : 2.
11:02 of 1st period - Niklas Svedberg enters game.
11:03 of 1st period - Casey Cizikas wins face-off versus Riley Sheahan in neutral zone.
11:08 of 1st period - Slapshot by Robbie Earl.
11:08 of 1st period - Stopped by Chet Pickard with a rebound.
11:32 of 1st period - Brady Skjei is hit by David Rundblad and loses puck.
11:47 of 1st period - Scott Mayfield is hit by Adam McQuaid and loses puck.
11:56 of 1st period - Wrist shot by Jim O'Brien.
11:56 of 1st period - Stopped by Niklas Svedberg without a rebound.
11:57 of 1st period - Casey Cizikas wins face-off versus Riley Sheahan in Punishers zone.
12:02 of 1st period - Snap shot by David Laliberté.
12:02 of 1st period - Stopped by Chet Pickard with a rebound.
12:43 of 1st period - Jerome Samson is hit by David Rundblad and loses puck.
13:14 of 1st period - Icing by Mark McNeill.
13:15 of 1st period - Riley Sheahan wins face-off versus Erik Nystrom in Punishers zone.
13:18 of 1st period - Slapshot by Marcus Foligno.
13:18 of 1st period - Deflect By Riley Sheahan.
13:18 of 1st period - Shot Blocked by Stefan Elliott.
13:18 of 1st period - Puck is out of play.
13:19 of 1st period - Riley Sheahan wins face-off versus Casey Cizikas in Punishers zone.
13:20 of 1st period - Slapshot by Marcus Foligno.
13:20 of 1st period - Shot Blocked by Adam McQuaid.
13:22 of 1st period - Wrist shot by Mark Pysyk.
13:22 of 1st period - Stopped by Niklas Svedberg without a rebound.
13:23 of 1st period - Casey Cizikas wins face-off versus Riley Sheahan in Punishers zone.
13:32 of 1st period - Wrist shot by Casey Cizikas.
13:32 of 1st period - Shot Blocked by Riley Sheahan.
14:15 of 1st period - Wrist shot by Jerome Samson.
14:15 of 1st period - Stopped by Niklas Svedberg without a rebound.
14:16 of 1st period - Oscar Sundqvist wins face-off versus Jim O'Brien in Punishers zone.
14:31 of 1st period - Slapshot by David Rundblad.
14:31 of 1st period - Deflect By Miikka Salomaki.
14:31 of 1st period - Shot Blocked by Scott Mayfield.
14:31 of 1st period - Puck is out of play.
14:32 of 1st period - Riley Sheahan wins face-off versus Casey Cizikas in Mustangs zone.
15:05 of 1st period - Wrist shot by Luke Adam.
15:05 of 1st period - Shot Misses the Net.
15:37 of 1st period - Mark McNeill is hit by Rick Schofield and loses puck.
15:57 of 1st period - Robbie Earl is hit by Riley Sheahan and loses puck.
16:40 of 1st period - Mark Pysyk is hit by Oscar Sundqvist and loses puck.
16:47 of 1st period - Wrist shot by Oscar Sundqvist.
16:47 of 1st period - Stopped by Chet Pickard with a rebound.
16:51 of 1st period - Snap shot by Garret Ross.
16:51 of 1st period - Stopped by Chet Pickard without a rebound.
16:52 of 1st period - Casey Cizikas wins face-off versus Riley Sheahan in Mustangs zone.
16:53 of 1st period - Slapshot by Robbie Earl.
16:53 of 1st period - Shot Blocked by Cameron Gaunce.
16:55 of 1st period - Wrist shot by Casey Cizikas.
16:55 of 1st period - Shot Blocked by Josh Jooris.
16:57 of 1st period - Slapshot by Adam McQuaid.
16:57 of 1st period - Stopped by Chet Pickard with a rebound.
16:59 of 1st period - Snap shot by Jordan Schmaltz.
16:59 of 1st period - Stopped by Chet Pickard without a rebound.
17:00 of 1st period - Casey Cizikas wins face-off versus Riley Sheahan in Mustangs zone.
17:11 of 1st period - Snap shot by Robbie Earl.
17:11 of 1st period - Stopped by Chet Pickard without a rebound.
17:12 of 1st period - Casey Cizikas wins face-off versus Riley Sheahan in Mustangs zone.
17:18 of 1st period - Minor Penalty to Marcus Foligno for Holding.
17:19 of 1st period - Casey Cizikas wins face-off versus Riley Sheahan in Mustangs zone.
17:51 of 1st period - Snap shot by Mattias Tedenby.
17:51 of 1st period - Shot Blocked by Cameron Gaunce.
17:53 of 1st period - Snap shot by Tanner Glass.
17:53 of 1st period - Shot Blocked by Tomas Tatar.
17:55 of 1st period - Slapshot by David Rundblad.
17:55 of 1st period - Shot Blocked by Tomas Tatar.
18:08 of 1st period - Slapshot by Cameron Gaunce.
18:08 of 1st period - Deflect By Mika Zibanejad.
18:08 of 1st period - Shot Blocked by Robbie Earl.
18:08 of 1st period - Puck is out of play.
18:09 of 1st period - Casey Cizikas wins face-off versus Mika Zibanejad in Punishers zone.
19:18 of 1st period - Penalty to Marcus Foligno is over, Marcus Foligno is back on ice.
19:50 of 1st period - Mark Pysyk is hit by Stefan Elliott.
19:59 of 1st period - Jordan Schmaltz is hit by Jim O'Brien and loses puck.
Goals for this period are 4 for Mustangs vs 2 for Punishers.
Shots for this period are 10 for Mustangs vs 14 for Punishers.

2nd period


0:01 of 2nd period - Casey Cizikas wins face-off versus Riley Sheahan in neutral zone.
0:26 of 2nd period - Cameron Gaunce is hit by David Rundblad and loses puck.
0:33 of 2nd period - Snap shot by Tanner Glass.
0:33 of 2nd period - Stopped by Chet Pickard with a rebound.
0:49 of 2nd period - Mark Pysyk is hit by Mark McNeill and loses puck.
0:54 of 2nd period - Snap shot by David Rundblad.
0:54 of 2nd period - Stopped by Chet Pickard without a rebound.
0:55 of 2nd period - Casey Cizikas wins face-off versus Riley Sheahan in Mustangs zone.
1:07 of 2nd period - Minor Penalty to Josh Jooris for Hooking.
1:08 of 2nd period - Marcus Foligno wins face-off versus Casey Cizikas in Mustangs zone.
1:12 of 2nd period - Slapshot by Brady Skjei.
1:12 of 2nd period - Stopped by Niklas Svedberg with a rebound.
1:20 of 2nd period - Wrist shot by Riley Sheahan.
1:20 of 2nd period - Stopped by Niklas Svedberg without a rebound.
1:21 of 2nd period - Casey Cizikas wins face-off versus Riley Sheahan in Punishers zone.
1:57 of 2nd period - Wrist shot by Tanner Glass.
1:57 of 2nd period - Stopped by Chet Pickard with a rebound.
3:07 of 2nd period - Penalty to Josh Jooris is over, Josh Jooris is back on ice.
3:27 of 2nd period - Tomas Tatar is hit by David Rundblad and loses puck.
3:40 of 2nd period - Rick Schofield is hit by Adam McQuaid and loses puck.
3:55 of 2nd period - Mark Pysyk is hit by David Rundblad and loses puck.
5:24 of 2nd period - Minor Penalty to Robbie Earl for Interference.
5:25 of 2nd period - Riley Sheahan wins face-off versus Miikka Salomaki in Punishers zone.
5:26 of 2nd period - Slapshot by Brady Skjei.
5:26 of 2nd period - Stopped by Niklas Svedberg with a rebound.
5:28 of 2nd period - Snap shot by Riley Sheahan.
5:28 of 2nd period - Goal by Riley Sheahan - Mustangs : 5 - Punishers : 2.
5:29 of 2nd period - Casey Cizikas wins face-off versus Riley Sheahan in neutral zone.
6:39 of 2nd period - Snap shot by Adam McQuaid.
6:39 of 2nd period - Deflect By Radek Faksa.
6:39 of 2nd period - Shot Hit the Post.
6:39 of 2nd period - Puck is out of play.
6:40 of 2nd period - Radek Faksa wins face-off versus Rick Schofield in Mustangs zone.
6:43 of 2nd period - Snap shot by Radek Faksa.
6:43 of 2nd period - Shot Misses the Net.
6:45 of 2nd period - Wrist shot by Stefan Elliott.
6:45 of 2nd period - Deflect By Erik Nystrom.
6:45 of 2nd period - Stopped by Chet Pickard with a rebound.
6:51 of 2nd period - Snap shot by Stefan Elliott.
6:51 of 2nd period - Stopped by Chet Pickard with a rebound.
6:53 of 2nd period - Slapshot by Jordan Schmaltz.
6:53 of 2nd period - Stopped by Chet Pickard with a rebound.
6:55 of 2nd period - Slapshot by Stefan Elliott.
6:55 of 2nd period - Shot Misses the Net.
7:24 of 2nd period - Wrist shot by Francis Paré.
7:24 of 2nd period - Stopped by Niklas Svedberg without a rebound.
7:25 of 2nd period - Casey Cizikas wins face-off versus Riley Sheahan in Punishers zone.
7:32 of 2nd period - Snap shot by David Rundblad.
7:32 of 2nd period - Stopped by Chet Pickard with a rebound.
7:34 of 2nd period - Snap shot by Robbie Earl.
7:34 of 2nd period - Deflect By Brady Skjei.
7:34 of 2nd period - Stopped by Chet Pickard with a rebound.
7:38 of 2nd period - Snap shot by Robbie Earl.
7:38 of 2nd period - Stopped by Chet Pickard with a rebound.
8:00 of 2nd period - Slapshot by Brady Skjei.
8:00 of 2nd period - Stopped by Niklas Svedberg without a rebound.
8:01 of 2nd period - Riley Sheahan wins face-off versus Casey Cizikas in Punishers zone.
8:14 of 2nd period - Snap shot by Josh Jooris.
8:14 of 2nd period - Stopped by Niklas Svedberg with a rebound.
8:26 of 2nd period - Mika Zibanejad is hit by Stefan Elliott and loses puck.
8:31 of 2nd period - Snap shot by Mattias Tedenby.
8:31 of 2nd period - Deflect By Luke Adam.
8:31 of 2nd period - Stopped by Chet Pickard without a rebound.
8:32 of 2nd period - Mattias Tedenby wins face-off versus Mika Zibanejad in Mustangs zone.
8:37 of 2nd period - Wrist shot by Luke Adam.
8:37 of 2nd period - Shot Blocked by Brady Skjei.
8:39 of 2nd period - Slapshot by Adam McQuaid.
8:39 of 2nd period - Stopped by Chet Pickard without a rebound.
8:40 of 2nd period - Luke Adam wins face-off versus Mika Zibanejad in Mustangs zone.
8:53 of 2nd period - Snap shot by Luke Adam.
8:53 of 2nd period - Stopped by Chet Pickard with a rebound.
8:55 of 2nd period - Slapshot by David Rundblad.
8:55 of 2nd period - Deflect By Tanner Glass.
8:55 of 2nd period - Shot Misses the Net.
8:55 of 2nd period - Puck is out of play.
8:56 of 2nd period - Casey Cizikas wins face-off versus Josh Jooris in Mustangs zone.
8:59 of 2nd period - Snap shot by Casey Cizikas.
8:59 of 2nd period - Stopped by Chet Pickard without a rebound.
9:00 of 2nd period - Casey Cizikas wins face-off versus Riley Sheahan in Mustangs zone.
9:06 of 2nd period - Minor Penalty to Marcus Foligno for Hooking.
9:07 of 2nd period - Casey Cizikas wins face-off versus Riley Sheahan in Mustangs zone.
9:33 of 2nd period - Brady Skjei is hit by Luke Adam.
9:37 of 2nd period - Tanner Glass is hit by Scott Mayfield and loses puck.
11:06 of 2nd period - Penalty to Marcus Foligno is over, Marcus Foligno is back on ice.
11:15 of 2nd period - Jordan Schmaltz is hit by Scott Mayfield.
11:23 of 2nd period - Garret Ross is hit by Scott Mayfield and loses puck.
11:36 of 2nd period - Brady Skjei is hit by Mark McNeill and loses puck.
12:21 of 2nd period - Wrist shot by Mika Zibanejad.
12:21 of 2nd period - Stopped by Niklas Svedberg without a rebound.
12:22 of 2nd period - Casey Cizikas wins face-off versus Mika Zibanejad in Punishers zone.
12:41 of 2nd period - Francis Paré is hit by Mattias Tedenby and loses puck.
13:31 of 2nd period - Tomas Tatar is hit by Erik Nystrom and loses puck.
13:54 of 2nd period - Brady Skjei is hit by Casey Cizikas.
14:42 of 2nd period - Stefan Elliott is hit by Mika Zibanejad and loses puck.
14:49 of 2nd period - Miikka Salomaki is hit by Brady Skjei and loses puck.
15:04 of 2nd period - Slapshot by Jim O'Brien.
15:04 of 2nd period - Stopped by Niklas Svedberg with a rebound.
15:06 of 2nd period - Slapshot by Joshua Leivo.
15:06 of 2nd period - Goal by Joshua Leivo - Mustangs : 6 - Punishers : 2.
15:07 of 2nd period - Casey Cizikas wins face-off versus Riley Sheahan in neutral zone.
15:33 of 2nd period - Tanner Glass is hit by Andrew Shaw and loses puck.
15:40 of 2nd period - Wrist shot by Tomas Tatar.
15:40 of 2nd period - Stopped by Niklas Svedberg without a rebound.
15:41 of 2nd period - Casey Cizikas wins face-off versus Mika Zibanejad in Punishers zone.
15:41 of 2nd period - Casey Cizikas is hit by Andrew Shaw.
15:55 of 2nd period - Wrist shot by David Laliberté.
15:55 of 2nd period - Stopped by Chet Pickard without a rebound.
15:56 of 2nd period - Riley Sheahan wins face-off versus Luke Adam in Mustangs zone.
15:56 of 2nd period - Riley Sheahan is hit by Mattias Tedenby.
16:08 of 2nd period - Snap shot by Riley Sheahan.
16:08 of 2nd period - Stopped by Niklas Svedberg without a rebound.
16:09 of 2nd period - Marcus Foligno wins face-off versus Casey Cizikas in Punishers zone.
17:39 of 2nd period - Wrist shot by Robbie Earl.
17:39 of 2nd period - Shot Blocked by Marcus Foligno.
17:41 of 2nd period - Slapshot by Robbie Earl.
17:41 of 2nd period - Shot Misses the Net.
17:43 of 2nd period - Slapshot by Stefan Elliott.
17:43 of 2nd period - Stopped by Chet Pickard with a rebound.
17:45 of 2nd period - Slapshot by Jordan Schmaltz.
17:45 of 2nd period - Deflect By Casey Cizikas.
17:45 of 2nd period - Shot Misses the Net.
17:45 of 2nd period - Puck is out of play.
17:46 of 2nd period - Robbie Earl wins face-off versus Andrew Shaw in Mustangs zone.
17:47 of 2nd period - Snap shot by Casey Cizikas.
17:47 of 2nd period - Shot Misses the Net.
17:49 of 2nd period - Slapshot by Jordan Schmaltz.
17:49 of 2nd period - Shot Blocked by Mika Zibanejad.
17:51 of 2nd period - Slapshot by Jordan Schmaltz.
17:51 of 2nd period - Shot Blocked by Scott Mayfield.
17:53 of 2nd period - Snap shot by David Laliberté.
17:53 of 2nd period - Goal by David Laliberté - Mustangs : 6 - Punishers : 3.
17:54 of 2nd period - Riley Sheahan wins face-off versus Casey Cizikas in neutral zone.
17:57 of 2nd period - Casey Cizikas is hit by Marcus Foligno and loses puck.
18:46 of 2nd period - Joe Finley is hit by Oscar Sundqvist and loses puck.
19:25 of 2nd period - Riley Sheahan is hit by David Laliberté and loses puck.
19:42 of 2nd period - David Rundblad is hit by Cameron Gaunce and loses puck.
19:51 of 2nd period - Tanner Glass is hit by Brady Skjei and loses puck.
Goals for this period are 2 for Mustangs vs 1 for Punishers.
Shots for this period are 12 for Mustangs vs 16 for Punishers.

3rd period


0:01 of 3rd period - Riley Sheahan wins face-off versus Robbie Earl in neutral zone.
0:32 of 3rd period - Snap shot by Luke Adam.
0:32 of 3rd period - Stopped by Chet Pickard with a rebound.
0:34 of 3rd period - Wrist shot by Luke Adam.
0:34 of 3rd period - Shot Blocked by Brady Skjei.
0:36 of 3rd period - Slapshot by Adam McQuaid.
0:36 of 3rd period - Shot Misses the Net.
0:48 of 3rd period - Slapshot by Brady Skjei.
0:48 of 3rd period - Stopped by Niklas Svedberg without a rebound.
0:49 of 3rd period - Jim O'Brien wins face-off versus Oscar Sundqvist in Punishers zone.
0:55 of 3rd period - Stefan Elliott is hit by Joe Finley.
1:13 of 3rd period - Wrist shot by Garret Ross.
1:13 of 3rd period - Stopped by Chet Pickard without a rebound.
1:14 of 3rd period - Casey Cizikas wins face-off versus Riley Sheahan in Mustangs zone.
1:23 of 3rd period - Icing by Adam McQuaid.
1:24 of 3rd period - Riley Sheahan wins face-off versus Casey Cizikas in Punishers zone.
1:24 of 3rd period - Brady Skjei is hit by David Rundblad and loses puck.
1:38 of 3rd period - Icing by David Rundblad.
1:39 of 3rd period - Casey Cizikas wins face-off versus Mika Zibanejad in Punishers zone.
1:41 of 3rd period - Icing by David Rundblad.
1:42 of 3rd period - Mika Zibanejad wins face-off versus Casey Cizikas in Punishers zone.
1:47 of 3rd period - Snap shot by Tomas Tatar.
1:47 of 3rd period - Shot Misses the Net.
2:52 of 3rd period - Off-side.
2:53 of 3rd period - Robbie Earl wins face-off versus Riley Sheahan in neutral zone.
3:00 of 3rd period - Snap shot by Stefan Elliott.
3:00 of 3rd period - Stopped by Chet Pickard with a rebound.
3:18 of 3rd period - Mark Pysyk is hit by Stefan Elliott and loses puck.
3:41 of 3rd period - Scott Mayfield is hit by Miikka Salomaki and loses puck.
4:30 of 3rd period - Snap shot by Riley Sheahan.
4:30 of 3rd period - Goal by Riley Sheahan - Mustangs : 7 - Punishers : 3.
4:31 of 3rd period - Riley Sheahan wins face-off versus Casey Cizikas in neutral zone.
4:34 of 3rd period - Adam McQuaid is hit by Cameron Gaunce and loses puck.
5:14 of 3rd period - Minor Penalty to Scott Mayfield for Holding.
5:15 of 3rd period - Riley Sheahan wins face-off versus Casey Cizikas in Mustangs zone.
5:15 of 3rd period - Riley Sheahan is hit by Casey Cizikas.
5:21 of 3rd period - Minor Penalty to Robbie Earl for Tripping.
5:22 of 3rd period - Carter Ashton wins face-off versus Riley Sheahan in Punishers zone.
5:35 of 3rd period - Wrist shot by Tanner Glass.
5:35 of 3rd period - Goal by Tanner Glass - Mustangs : 7 - Punishers : 4.
5:36 of 3rd period - Riley Sheahan wins face-off versus Carter Ashton in neutral zone.
5:50 of 3rd period - Icing by Adam McQuaid.
5:51 of 3rd period - Carter Ashton wins face-off versus Riley Sheahan in Punishers zone.
6:39 of 3rd period - Tomas Tatar is hit by Stefan Elliott and loses puck.
6:57 of 3rd period - Jim O'Brien is hit by Tanner Glass and loses puck.
7:14 of 3rd period - Penalty to Scott Mayfield is over, Scott Mayfield is back on ice.
7:21 of 3rd period - Penalty to Robbie Earl is over, Robbie Earl is back on ice.
8:01 of 3rd period - Icing by Scott Mayfield.
8:02 of 3rd period - Jim O'Brien wins face-off versus Oscar Sundqvist in Mustangs zone.
8:09 of 3rd period - Slapshot by Adam McQuaid.
8:09 of 3rd period - Stopped by Chet Pickard without a rebound.
8:10 of 3rd period - Casey Cizikas wins face-off versus Mika Zibanejad in Mustangs zone.
8:11 of 3rd period - Wrist shot by David Laliberté.
8:11 of 3rd period - Shot Misses the Net.
8:13 of 3rd period - Wrist shot by Robbie Earl.
8:13 of 3rd period - Shot Misses the Net.
8:15 of 3rd period - Slapshot by Adam McQuaid.
8:15 of 3rd period - Shot Misses the Net.
8:17 of 3rd period - Slapshot by Adam McQuaid.
8:17 of 3rd period - Shot Misses the Net.
8:19 of 3rd period - Snap shot by Casey Cizikas.
8:19 of 3rd period - Stopped by Chet Pickard with a rebound.
8:21 of 3rd period - Slapshot by David Laliberté.
8:21 of 3rd period - Shot Blocked by Mark Pysyk.
8:46 of 3rd period - Slapshot by Brady Skjei.
8:46 of 3rd period - Stopped by Niklas Svedberg with a rebound.
9:01 of 3rd period - Scott Mayfield is hit by Oscar Sundqvist and loses puck.
9:22 of 3rd period - Casey Cizikas is hit by Cameron Gaunce and loses puck.
9:27 of 3rd period - Wrist shot by Francis Paré.
9:27 of 3rd period - Stopped by Niklas Svedberg with a rebound.
9:43 of 3rd period - Wrist shot by Mark McNeill.
9:43 of 3rd period - Stopped by Chet Pickard with a rebound.
10:08 of 3rd period - Snap shot by Josh Jooris.
10:08 of 3rd period - Shot Blocked by Mark McNeill.
10:10 of 3rd period - Snap shot by Marcus Foligno.
10:10 of 3rd period - Shot Misses the Net.
10:22 of 3rd period - Snap shot by Tanner Glass.
10:22 of 3rd period - Stopped by Chet Pickard with a rebound.
10:24 of 3rd period - Snap shot by Luke Adam.
10:24 of 3rd period - Stopped by Chet Pickard with a rebound.
10:26 of 3rd period - Wrist shot by Luke Adam.
10:26 of 3rd period - Stopped by Chet Pickard with a rebound.
10:28 of 3rd period - Snap shot by Tanner Glass.
10:28 of 3rd period - Shot Blocked by Cameron Gaunce.
10:30 of 3rd period - Slapshot by David Rundblad.
10:30 of 3rd period - Shot Misses the Net.
10:40 of 3rd period - Casey Cizikas is hit by Brady Skjei and loses puck.
10:45 of 3rd period - Slapshot by Mark Pysyk.
10:45 of 3rd period - Shot Misses the Net.
11:09 of 3rd period - Mika Zibanejad is hit by Miikka Salomaki.
11:29 of 3rd period - Adam McQuaid is hit by Mika Zibanejad and loses puck.
12:39 of 3rd period - Tomas Tatar is hit by Radek Faksa and loses puck.
12:46 of 3rd period - Wrist shot by Cameron Gaunce.
12:46 of 3rd period - Goal by Cameron Gaunce - Mustangs : 8 - Punishers : 4.
12:47 of 3rd period - Casey Cizikas wins face-off versus Riley Sheahan in neutral zone.
12:47 of 3rd period - David Laliberté and Riley Sheahan fight to a draw.
12:47 of 3rd period - Penalty to David Laliberté for Fighting.
12:47 of 3rd period - Penalty to Riley Sheahan for Fighting.
12:48 of 3rd period - Casey Cizikas wins face-off versus Josh Jooris in neutral zone.
12:53 of 3rd period - Marcus Foligno is hit by Casey Cizikas and loses puck.
13:32 of 3rd period - Minor Penalty to Brady Skjei for Hooking.
13:33 of 3rd period - Casey Cizikas wins face-off versus Mika Zibanejad in Mustangs zone.
15:00 of 3rd period - Tomas Tatar is hit by David Rundblad and loses puck.
15:32 of 3rd period - Penalty to Brady Skjei is over, Brady Skjei is back on ice.
15:43 of 3rd period - David Rundblad is hit by Francis Paré and loses puck.
15:56 of 3rd period - Jim O'Brien is hit by Tanner Glass and loses puck.
16:35 of 3rd period - Joe Finley is hit by Miikka Salomaki.
17:23 of 3rd period - Cameron Gaunce is hit by Radek Faksa and loses puck.
17:51 of 3rd period - Mark Pysyk is hit by Luke Adam and loses puck.
18:04 of 3rd period - Brady Skjei is hit by Garret Ross and loses puck.
18:34 of 3rd period - Nick Schultz is hit by Riley Sheahan and loses puck.
19:09 of 3rd period - Garret Ross is hit by Andrew Shaw and loses puck.
19:16 of 3rd period - Rick Schofield is hit by David Rundblad and loses puck.
19:24 of 3rd period - Icing by Riley Sheahan.
19:25 of 3rd period - Casey Cizikas wins face-off versus Jim O'Brien in Mustangs zone.
19:33 of 3rd period - Minor Penalty to Andrew Shaw for Interference.
19:34 of 3rd period - Casey Cizikas wins face-off versus Riley Sheahan in Mustangs zone.
Goals for this period are 2 for Mustangs vs 1 for Punishers.
Shots for this period are 5 for Mustangs vs 10 for Punishers.